 Dungeon Crawl Stone Soup version 0.19.4-10-g532645f (webtiles) character file.

2678 Chiseanne the Ducker (level 9, -1/68 HPs)
             Began as a Demonspawn Wanderer on Feb 25, 2017.
             Was a Follower of Dithmenos.
             Succumbed to a hornet's poison
             ... while paralysed by a hornet
             ... on level 8 of the Dungeon.
             The game lasted 00:25:00 (10441 turns).

Chiseanne the Ducker (Demonspawn Wanderer)         Turns: 10441, Time: 00:25:01

Health: -1/68      AC: 12    Str: 14    XL:     9   Next: 37%
Magic:  0/9        EV:  2    Int: 14    God:    Dithmenos [*.....]
Gold:   374        SH:  0    Dex: 14    Spells: 0 memorised, 8 levels left

rFire  . . .     SeeInvis +     s - +1 falchion
rCold  + . .     Gourm    .     k - +1 ring mail
rNeg   + . .     Faith    .     (no shield)
rPois  .         Spirit   +     (helmet unavailable)
rElec  .         Reflect  .     j - +2 cloak
rCorr  .         Harm     .     (no gloves)
MR     .....                    (no boots)
Stlth  +++++.....               y - amulet of guardian spirit
                                e - ring of protection from cold
                                l - ring of positive energy

@: paralysed, lethally poisoned (-1 -> -26), slowed, wreathed by umbra, drained
A: antennae 3, molten scales 1, nightstalker 2
a: Renounce Religion


You were on level 8 of the Dungeon.
You worshipped Dithmenos.
Dithmenos was aware of your devotion.
You were hungry.

You visited 2 branches of the dungeon, and saw 9 of its levels.

You collected 374 gold pieces.

Inventory:

Hand Weapons
 a - a +0 short sword of speed
 s - a +1 falchion (weapon)
 w - a +0 blowgun
Missiles
 b - 16 tomahawks
 h - 220 arrows
 o - 164 stones (quivered)
 u - 17 poisoned needles
 x - 93 sling bullets
 A - 3 needles of paralysis
 F - 19 bolts
Armour
 j - a +2 cloak (worn)
 k - a +1 ring mail (worn)
 r - a +0 shield
Jewellery
 e - a ring of protection from cold (right hand)
 l - a ring of positive energy (left hand)
 n - an uncursed ring of resist corrosion
 y - an amulet of guardian spirit (around neck)
Wands
 C - a wand of enslavement (10/24)
 H - a wand of teleportation (6/9)
 L - a wand of slowing (25/48)
 O - a wand of lightning (0/15)
Scrolls
 c - 4 scrolls of teleportation
 p - 3 scrolls of fear
 E - a scroll of fog
 J - a scroll of enchant armour
Potions
 q - a potion of flight
 B - a potion of curing
 D - a potion of cancellation {unknown}
 K - 2 potions of brilliance {unknown}
Books
 G - a book of Maledictions

   Spells                             Type                      Level
   a - Corona                         Hexes                        1
   b - Ensorcelled Hibernation        Hexes/Ice                    2
   c - Confuse                        Hexes                        3
   d - Tukima's Dance                 Hexes                        3
   e - Dazzling Spray                 Conjuration/Hexes            3
Comestibles
 d - 5 chunks of flesh
 f - 10 bread rations
 g - 4 meat rations
 t - 2 fruits
 v - a royal jelly
 z - a slice of pizza


   Skills:
 - Level 5.3(4.9) Fighting
 * Level 4.3(3.9) Short Blades
   Level 2.6(2.3) Axes
 * Level 6.0(5.6) Armour
 * Level 6.4(6.0) Dodging
 * Level 4.7(4.3) Stealth
 - Level 1.0(0.6) Shields
 - Level 1.0(0.6) Evocations


You had 8 spell levels left.
You didn't know any spells.

Dungeon Overview and Level Annotations

Branches:
Dungeon (8/15)             Temple (1/1) D:5
   Lair: D:8-11

Altars:
Ashenzari
Cheibriados
Dithmenos
Elyvilon
Fedhas
Gozag
Kikubaaqudgha
Makhleb
Nemelex Xobeh
Okawaru
Qazlal
Ru
Trog
Xom
Yredelemnul
Zin


Innate Abilities, Weirdness & Mutations

You have a pair of large antennae on your head. (SInv)
You are partially covered in molten scales. (AC +2)
You are significantly more attuned to the shadows.


Message History

You feel as though you will be slow longer.
The hornet stings you but does no damage.
You miss the hornet.
The hornet is lightly wounded.
You feel sick.
The hornet stings you but does no damage.
The hornet closely misses you.
You riposte.
You hit the hornet.
The hornet is moderately wounded.
You closely miss the hornet.
The hornet is moderately wounded.
You feel sick. The hornet stings you!
* * * LOW HITPOINT WARNING * * *
You are more poisoned.
You suddenly lose the ability to move!
The hornet stings you!
* * * LOW HITPOINT WARNING * * *
You shrug off the repeated paralysis!
The hornet stings you.
* * * LOW HITPOINT WARNING * * *
You are more poisoned.
You feel as though you will be slow longer.
You die...

. #. #.#
#.# . #y##
..## #@##
..## ##.#
#^## ##..#
#.)###.#.#
#
#.#.#.##.#
#.
#.##.###.#
#.###.#..#
#.#
#......#.#
.#
#..<..###.


You could see a hornet.

Vanquished Creatures
  Joseph (D:7)
  A spriggan (D:7)
  An orc warrior (D:7)
  A phantom (D:5)
  2 sky beasts (D:6)
  2 centaurs
  4 ogres
  4 bullfrogs
  Blork the orc (D:4)
  A scorpion (D:6)
  4 wights (D:7)
  2 howler monkeys
  2 crimson imps
  5 orc wizards
  A jelly (D:6)
  A bullfrog skeleton (D:7)
  3 hounds
  An iguana (D:5)
  4 worker ants
  8 adders
  2 shadow imps
  5 oozes
  2 adder skeletons (D:6)
  6 worms
  5 dart slugs
  4 leopard geckos
  27 orcs
  6 giant cockroaches
  7 goblins
  6 hobgoblins
  9 jackals
  6 kobolds
  2 quokkas
  2 ball pythons
  7 bats
  7 frilled lizards
  A leopard gecko skeleton (D:4)
  5 rats
158 creatures vanquished.

Vanquished Creatures (others)
  An adder (D:7)
  An orc (D:3)
2 creatures vanquished.

Grand Total: 160 creatures vanquished

Notes
Turn   | Place    | Note
-------+----------+-------------------------------------------
     0 | D:1      | Chiseanne the Demonspawn Wanderer began the quest for the Orb.
     0 | D:1      | Chiseanne set off with: a +2 dagger, a potion of haste, a scroll of teleportation, a +0 hand axe, a +0 robe, a bread ration
     0 | D:1      | Reached XP level 1. HP: 16/16 MP: 1/1
   389 | D:1      | Gained mutation: You have a pair of small antennae on your head. [demonic ancestry]
   389 | D:1      | Reached XP level 2. HP: 14/23 MP: 2/2
   865 | D:2      | Gained mutation: You have a pair of antennae on your head. [demonic ancestry]
   865 | D:2      | Reached XP level 3. HP: 25/28 MP: 3/3
   931 | D:2      | Found a stormy altar of Qazlal.
  1172 | D:2      | Reached skill level 1 in Armour
  2022 | D:2      | Reached XP level 4. HP: 28/35 MP: 4/4
  3030 | D:3      | Gained mutation: You are partially covered in molten scales. (AC +2) [demonic ancestry]
  3030 | D:3      | Reached XP level 5. HP: 41/41 MP: 5/5
  4435 | D:3      | Gained mutation: You have a pair of large antennae on your head. (SInv) [demonic ancestry]
  4435 | D:3      | Reached XP level 6. HP: 48/48 MP: 6/6
  5656 | D:4      | Found a snail-covered altar of Cheibriados.
  5720 | D:4      | Noticed Blork the orc
  5743 | D:4      | Killed Blork the orc
  5942 | D:5      | Entered Level 5 of the Dungeon
  6066 | D:5      | Gained mutation: You are slightly more attuned to the shadows. [demonic ancestry]
  6066 | D:5      | Reached XP level 7. HP: 30/55 MP: 7/7
  6341 | D:5      | Reached skill level 5 in Fighting
  7005 | D:5      | Found a staircase to the Ecumenical Temple.
  7024 | Temple   | Entered the Ecumenical Temple
  7046 | Temple   | Became a worshipper of Dithmenos the Shadowed
  7749 | D:6      | Chiseanne: hey
  7766 | D:6      | Wingboner: NO U
  7847 | D:6      | Chiseanne: fucking imps >.<
  7923 | D:6      | Wingboner: ??imp parking
  7926 | D:6      | beem: imp parking[1/2]: Get an imp next to you while standing on up-stairs, go up the stairs, wait for the imp to blink away, go back down the stairs, leaving the imp on the level above you. Good for early-game fire elementalists and others who have trouble with early imps.
  7959 | D:6      | Wingboner: This is a thing for a reason.
  7959 | D:6      | Chiseanne: hehe I do that once in w ahile
  8115 | D:6      | Reached skill level 1 in Short Blades
  8147 | D:6      | Found a bloodstained altar of Trog.
  8160 | D:6      | Gained mutation: You are significantly more attuned to the shadows. [demonic ancestry]
  8160 | D:6      | Reached XP level 8. HP: 62/62 MP: 8/8
  8199 | D:6      | Reached skill level 5 in Dodging
  8498 | D:6      | Reached skill level 5 in Armour
  8646 | D:6      | Reached * piety under Dithmenos
  8673 | D:6      | Wingboner: Tried to kill Sigmund with after-nerf blowgun. 30 needles, still over 80% HP. Didn't expect the nerf to be *this* extreme.
  8770 | D:6      | Chiseanne: seriously..every nerf they do is extreme
  8770 | D:6      | Chiseanne: they look at the number : What?? players are actually using weapons?? lets nerf them !
  8978 | D:7      | Found a shimmering altar of Xom.
  8991 | D:7      | Wingboner: Not really. IE and spiderform nerfs were fine, for example. But lots of them are, yes...
  8991 | D:7      | Wingboner: IE and spiderform are still OP even after the nerf though.
  8991 | D:7      | Chiseanne: its more like, whenever something is fun and working it gets nerfed
  8991 | D:7      | Chiseanne: yah ok for that one
  9326 | D:7      | Noticed Joseph
  9348 | D:7      | HP: 3/62 [Joseph/wand of lightning (6)]
  9350 | D:7      | Killed Joseph
  9350 | D:7      | Reached XP level 9. HP: 4/68 MP: 0/9
  9710 | D:6      | Wingboner: Statueform gets some strange treatment... First it got buffed, then nerfed, then buffed again, then normalized str (buff for low str builds and nerf for... Just trolls and extremely zealous Che worshippers?)
  9724 | D:6      | Paralysed by fainting for 8 turns
  9779 | D:7      | Chiseanne: hmm
 10440 | D:8      | Paralysed by a hornet for 3 turns
 10440 | D:8      | HP: 1/68 [hornet (3)]
 10441 | D:8      | Succumbed to a hornet's poison

Skill      XL: |  1  2  3  4  5  6  7  8  9 |
---------------+----------------------------+-----
Dodging        | 2 3 4 6 |  6.4
Armour         | 1 2 3 4 5 6 |  6.0
Fighting       | 3 4 5 |  5.3
Short Blades   | 1 3 4 |  4.3
Stealth        | 4 |  4.7
Axes           | |  2.6
Shields        | |  1.0
Evocations     | |  1.0

Action                   |  1- 3 |  4- 6 |  7- 9 || total
-------------------------+-------+-------+-------++-------
Melee: Dagger            |   104 |       |       ||   104
       Short sword       |    45 |   459 |   462 ||   966
       Hand axe          |       |     3 |   230 ||   233
       Falchion          |       |       |    17 ||    17
 Fire: Blowgun           |       |     7 |       ||     7
Evoke: Wand              |       |       |    12 ||    12
  Use: Scroll            |     6 |     8 |     7 ||    21
       Potion            |       |     8 |     2 ||    10
 Stab: Sleeping          |     1 |       |    12 ||    13
       Invisible         |       |     5 |       ||     5
       Paralysed         |       |     3 |       ||     3
       Distracted        |       |       |     1 ||     1
  Eat: Chunk             |     4 |    12 |    16 ||    32
       Fruit             |       |     1 |     2 ||     3
Armor: Robe              |     9 |       |       ||     9
       Leather armour    |    14 |       |       ||    14
       Ring mail         |     2 |   124 |   238 ||   364
Dodge: Dodged            |    86 |   179 |   344 ||   609
       Rpst.: Falchion   |       |       |     4 ||     4
